 Dungeon Crawl Stone Soup version 0.29-a0-271-gd4eb659eea (webtiles) character file.

Game seed: 14090101895729187234

60 n8rtot the Caller (level 3, -2/19 HPs)
             Began as a Deep Elf Summoner on Mar 9, 2022.
             Slain by a kobold
             ... wielding a +0 short sword
              (4 damage)
             ... on level 3 of the Dungeon.
             The game lasted 00:08:38 (2427 turns).

n8rtot the Caller (Deep Elf Summoner)               Turns: 2427, Time: 00:08:39

Health: -2/19      AC:  2    Str:  5    XL:     3   Next: 80%
Magic:  4/10       EV: 12    Int: 21    God:
Gold:   111        SH:  0    Dex: 15    Spells: 8/9 levels left

rFire   . . .      SeeInvis .   c - +4 spear
rCold   . . .      Faith    .   (no shield)
rNeg    . . .      Spirit   .   a - +0 robe
rPois   .          Reflect  .   (no helmet)
rElec   .          Harm     .   (no cloak)
rCorr   .          Rampage  .   (no gloves)
Will    .....                   (no boots)
Stlth   ++........              (no amulet)
HPRegen 0.06/turn               (no ring)
MPRegen 0.12/turn               (no ring)

@: no status effects
A: no striking features
a: no special abilities


You were on level 3 of the Dungeon.
You visited 1 branch of the dungeon, and saw 3 of its levels.

You collected 111 gold pieces.

Inventory:

Hand Weapons
 c - a +4 spear (weapon)
Missiles
 d - 94 stones
 h - 3 poisoned darts
Armour
 a - a +0 robe (worn)
Scrolls
 e - a scroll of teleportation {unknown}
 i - a scroll of magic mapping {unknown}
 j - a scroll of identify {unknown}
 k - a scroll of torment {unknown}
Potions
 b - a potion of magic
 f - a potion of berserk rage {unknown}
 g - a potion of heal wounds {unknown}


   Skills:
 + Level 0.7 Polearms
 + Level 2.5 Dodging
 + Level 2.7 Stealth
 + Level 3.9 Spellcasting
 + Level 5.2 Summonings


You had 8 spell levels left.
You knew the following spells:

 Your Spells              Type           Power      Damage    Failure   Level
a - Summon Small Mammal   Summ           100%       N/A       1%          1

Your spell library contained the following spells:

 Spells                   Type           Power      Damage    Failure   Level
 Call Imp                 Summ           26%        N/A       2%          2
 Call Canine Familiar     Summ           26%        N/A       4%          3
 Shock                    Conj/Air       16%        1d4       12%         1
 Summon Guardian Golem    Hex/Summ       15%        N/A       12%         3
 Corpse Rot               Necr/Air       8%         N/A       19%         2
 Swiftness                Air            4%         N/A       36%         3
 Summon Lightning Spire   Summ/Air       15%        N/A       38%         4
 Airstrike                Air            2%         N/A       77%         4
 Lightning Bolt           Conj/Air       2%         1d13      98%         5
 Disjunction              Tloc           2%         N/A       100%        8


Dungeon Overview and Level Annotations

Branches:
Dungeon (3/15)

Altars:

Shops:
D:2 (   D:3 *


Message History

The gnoll hits your bat with a +0 whip.
Your bat hits the gnoll. Your bat hits the gnoll.
The gnoll hits something with a +0 halberd!
Your bat barely misses the gnoll.
The gnoll misses your bat.
Your bat hits the gnoll but does no damage.
The gnoll closely misses your bat.
Your bat barely misses the gnoll.
The gnoll barely misses your bat.
Casting: Summon Small Mammal (safe; 1% risk of failure)
Confirm with . or Enter, or press ? or * to list all spells.
Your bat barely misses the gnoll.
The gnoll completely misses your bat.
Your bat hits the gnoll. The gnoll hits your bat with a +0 whip.
Your bat dies!
Your bat's corpse disappears in a puff of smoke!
The gnoll completely misses your quokka.
Your quokka bites the gnoll.
The gnoll closely misses your quokka.
Casting: Summon Small Mammal (safe; 1% risk of failure)
Confirm with . or Enter, or press ? or * to list all spells.
Your quokka bites the kobold but does no damage.
The gnoll misses your quokka.
Your quokka barely misses the gnoll.
The gnoll misses your quokka.
Your quokka closely misses the gnoll.
The gnoll closely misses your quokka. x2
Your quokka barely misses the gnoll.
Your quokka bites the gnoll.
The gnoll hits your quokka with a +0 spear.
The gnoll barely misses your quokka.
Your quokka closely misses the gnoll. x2
The kobold hits you but does no damage.
The gnoll hits your quokka with a +0 spear!
Your quokka dies!
Your quokka's corpse disappears in a puff of smoke!
The gnoll shouts!
You hit the kobold but do no damage.
Your quokka closely misses the gnoll.
The gnoll hits your quokka with a +0 spear.
The kobold hits you with a +0 short sword.
The orc hits you with a +0 flail!
* * * LOW HITPOINT WARNING * * *
Your quokka bites the gnoll.
Your quokka bites the gnoll.
The gnoll barely misses your quokka. The kobold attacks as you move away!
The kobold hits you with a +0 short sword.
You die...

. .#### . ....### #.
#....# #. #....# ####. #
##..########.... ...
#...rg.......##.
.....####oS..∩..##S...#.
#....@Kg.g..>....##...
####...g......##..##.g
#..#....).<###..#.#
............# #...g
.####........# ###)# ..
##....[..### #.# .
#####.....# #.# ##.##.#
#K# #.##.####o#


You could see 3 gnolls, an orc, a goblin, a ball python, a kobold and a friendly
quokka (summoned).

Vanquished Creatures
  2 dart slugs (D:1)
  An orc (D:3)
  An endoplasm (D:2)
  A giant cockroach (D:2)
  2 goblins
  2 hobgoblins (D:2)
  2 jackals (D:1)
  2 quokkas (D:1)
  3 ball pythons
  2 bats
  3 frilled lizards
  3 kobolds
  3 rats (D:1)
27 creatures vanquished.

Vanquished Creatures (collateral kills)
  A gnoll (D:3)
  An adder (D:2)
  A bat (D:1)
  A giant cockroach (D:1)
  A goblin (D:1)
  2 jackals (D:1)
  2 rats
9 creatures vanquished.

Grand Total: 36 creatures vanquished

Notes
Turn   | Place    | Note
-------+----------+-------------------------------------------
     0 | D:1      | n8rtot the Deep Elf Summoner began the quest for the Orb.
     0 | D:1      | Reached XP level 1. HP: 10/10 MP: 6/6
    56 | D:1      | Found a faded altar of an unknown god.
   309 | D:1      | Reached XP level 2. HP: 15/15 MP: 8/8
   596 | D:1      | Reached skill level 5 in Summonings
  1453 | D:2      | Got the Grimoire of the Gliding Compass
  1486 | D:2      | Reached XP level 3. HP: 19/19 MP: 7/10
  1812 | D:2      | Found Uxo Wiuf's Weapon Shop.
  2339 | D:3      | Found Lelow's Assorted Antiques.
  2427 | D:3      | Slain by a kobold

Illustrated notes

Levels and vault maps discovered:
D:1:      amcnicky_arrival_abandoned_market, layout_basic,
          shapermc_ecumenical_altar_starsandcircs, kennysheep_flooded_box
D:2:      layout_loops_corners, serial_shops, nicolae_square_shop
D:3:      layout_rooms, serial_shops, shop

Skill      XL: |  1  2 |
---------------+-------+-----
Summonings     | 5 |  5.2
Polearms       | |  0.7
Dodging        | |  2.5
Stealth        | |  2.7
Spellcasting   | |  3.9

Action                   || total
-------------------------++-------
Melee: Spear             ||    60
 Cast: Summon Small Mamm ||    39
 Stab: Sleeping          ||     1
       Distracted        ||     1
Armor: Robe              ||    10
Dodge: Dodged            ||    40

Table legend: (Time is in decaauts)
 A = Elapsed time spent in this place.
 B = Non-inter-level travel time spent in this place.
 C = Inter-level travel time spent in this place.
 D = Time resting spent in this place.
 E = Time spent auto-exploring this place.
 F = Levels seen in this place.
 G = Mean time per level.
                   A        B        C        D        E       F      G
               +--------+--------+--------+--------+--------+-----+--------+
         Total |   2432 |   2432 |      0 |    590 |   1300 |   3 |  810.7 |
       Dungeon |   2432 |   2432 |      0 |    590 |   1300 |   3 |  810.7 |
               +--------+--------+--------+--------+--------+-----+--------+

Top non-repeatable levels by time:
     D:1: 1191 daAuts
     D:2: 1153 daAuts
     D:3: 88 daAuts
